Flyers vs Lightning

Created - December 23, 2016 at 17:37

Goals
1 2 3 OT1 T
Flyers 2 0 0 0 2
Lightning 0 1 1 1 3
Shots
1 2 3 OT1 T
Flyers 9 12 6 0 27
Lightning 9 12 15 1 37

1st period

1. Flyers , Marcus Johansson 11 (Calle Jarnkrok, Andrew MacDonald) at 13:17
2. Flyers , Casey Cizikas 10 (Shawn Matthias) at 14:21

Penalties :
Brad Hunt (TBL) for Hooking (Minor) at 2:11, Joel Ward (PHI) for Tripping (Minor) at 19:16

2nd period

3. Lightning , Travis Zajac 20 (Tobias Rieder, Erik Gudbranson) at 1:39

Penalties :
Jonathan Ericsson (PHI) for Boarding (Minor) at 2:51, Erik Gudbranson (TBL) for Slashing (Minor) at 10:38

3rd period

4. Lightning , Henrik Sedin 8 (Erik Gudbranson, David Schlemko) at 13:20

Penalties :
Dan Boyle (PHI) for Holding (Minor) at 7:29

Overtime #1

5. Lightning , Jeff Carter 6 (Patric Hornqvist, Kevin Klein) at 0:58

Penalties :
No Penalty

Goalie Stats

Devan Dubnyk (PHI), 34 saves from 37 shots - (0.919), OTL, 13-12-1, 60:59 minutes
Jaroslav Halak (TBL), 25 saves from 27 shots - (0.926), W, 8-10-3, 60:59 minutes

Players Stats for Flyers

Player Name              G  A  P  +/- PIM S  H  SB GA TA FO     MP     PP MP  PK MP  
------------------------------------------------------------------------------------
Alexander Killorn        0  0  0  -2  0   3  1  1  0  0  0/0    19:13   1:37   0:00 
Andre Burakovsky         0  0  0  -2  0   3  0  0  0  0  1/2    19:17   2:21   0:00 
Andrew MacDonald         0  1  1   0  0   0  0  1  0  0  0/0    19:51   0:00   2:08 
Ben Hutton               0  0  0   1  0   1  0  2  0  0  0/0    20:59   1:52   2:25 
Brian Gionta             0  0  0   1  0   2  0  0  0  0  0/1    14:11   0:00   2:38 
Calle Jarnkrok           0  1  1   1  0   3  0  0  0  0  12/25  18:48   0:00   2:38 
Casey Cizikas            1  0  1   1  0   1  3  0  0  0  10/21  14:52   0:00   3:19 
Chris VandeVelde         0  0  0   0  0   1  2  0  0  0  2/6     5:26   0:00   0:00 
Damon Severson           0  0  0  -1  0   0  0  2  0  0  0/0    19:25   2:06   0:00 
Dan Boyle                0  0  0   1  2   0  1  0  0  0  0/0    15:18   1:52   1:49 
Jean-Gabriel Pageau      0  0  0  -2  0   4  0  0  0  0  11/28  19:40   2:21   0:00 
Joel Ward                0  0  0   1  2   1  3  0  0  0  0/0    18:30   2:21   0:00 
Jonathan Ericsson        0  0  0  -1  2   0  1  3  0  0  0/0    18:58   0:00   1:40 
Marcus Johansson         1  0  1   1  0   4  0  0  0  0  0/3    18:42   1:37   0:00 
Matt Hendricks           0  0  0   0  0   2  2  0  0  0  0/0     8:45   0:00   3:19 
Ryan Ellis               0  0  0   0  0   0  1  2  0  0  0/0    19:59   2:06   0:50 
Shawn Matthias           0  1  1   1  0   2  1  0  0  0  0/0    18:36   1:37   0:00 
Tom Gilbert              0  0  0   0  0   0  0  0  0  0  0/0     7:26   0:00   3:02 

Players Stats for Lightning

Player Name              G  A  P  +/- PIM S  H  SB GA TA FO     MP     PP MP  PK MP  
------------------------------------------------------------------------------------
Andre Benoit             0  0  0   0  0   0  0  0  0  0  0/0     0:00   0:00   0:00 
Andrej Sekera            0  0  0   0  0   1  0  1  0  0  0/0    23:41   4:06   1:19 
Brad Hunt                0  0  0   0  2   0  0  1  0  0  0/0    14:38   0:00   0:00 
Christian Ehrhoff        0  0  0   0  0   1  3  1  0  0  0/0    16:12   0:00   1:33 
David Schlemko           0  1  1   1  0   1  0  1  0  0  0/0    20:11   1:51   1:33 
Eric Fehr                0  0  0   0  0   1  0  1  0  0  2/8     7:11   0:00   1:23 
Erik Gudbranson          0  2  2   0  2   0  3  3  0  0  0/0    21:24   1:51   1:06 
Henrik Sedin             1  0  1   1  0   1  0  0  0  0  13/22  19:51   4:06   0:00 
Jeff Carter              1  0  1  -2  0   4  2  0  0  0  17/22  23:11   4:06   0:00 
Johnny Gaudreau          0  0  0  -2  0   3  0  0  0  0  3/5    22:16   4:06   0:00 
Kevin Klein              0  1  1  -1  0   0  2  0  0  0  0/0    25:50   4:06   2:25 
Nick Spaling             0  0  0   1  0   2  2  2  0  0  0/2    16:33   0:00   0:00 
Patric Hornqvist         0  1  1  -2  0   5  1  0  0  0  0/0    18:50   0:00   0:00 
Radim Vrbata             0  0  0   0  0   1  0  0  0  0  0/1     5:48   0:00   0:00 
Tobias Rieder            0  1  1   1  0   3  0  1  0  0  0/1    12:08   0:00   1:23 
Tomas Fleischmann        0  0  0   1  0   6  0  0  0  0  0/1    19:48   1:51   2:35 
Travis Zajac             1  0  1   1  0   3  2  0  0  0  13/22  15:11   1:51   2:35 
Troy Brouwer             0  0  0   1  0   5  5  1  0  0  2/2    17:13   1:51   0:00 

3 Stars

1 - Casey Cizikas (PHI)
2 - Travis Zajac (TBL)
3 - Marcus Johansson (PHI)

Power Play

Flyers - 0 on 2 Attempt(s) - 0.00%
Lightning - 0 on 3 Attempt(s) - 0.00%

Penalty Kill

Flyers - 3 on 3 Attempt(s) - 100.00% - Score 0 goal in Penalty Kill
Lightning - 2 on 2 Attempt(s) - 100.00% - Score 0 goal in Penalty Kill

Team Stat

Flyers - Hits : 15 - Faceoff Wins : 36 - Blocked Shots : 11 - Penalty Minutes : 6
Lightning - Hits : 20 - Faceoff Wins : 50 - Blocked Shots : 12 - Penalty Minutes : 4

Official

Referees : Jon Mclsaac and Dave Lewis
Linesman : Don Henderson and Brandon Gawryletz

Game Notes

No Game Note

Finance

Level 1 -- Attendance: 6182 (95.11%) -- Ticket Income $680,020
Level 2 -- Attendance: 3777 (75.54%) -- Ticket Income $358,815
Level 3 -- Attendance: 2343 (66.94%) -- Ticket Income $175,725
Level 4 -- Attendance: 2234 (69.73%) -- Ticket Income $100,530
Luxury Box -- Attendance: 502 (50.20%) -- Ticket Income $180,720
Game was played at the Amalie Arena.
Total Attendance: 15038 (78.31%)
Total Ticket Income: $1,495,810
Other Income: $224,372
Total Income: $1,720,182

% Time on Ice - Flyers

Lines # - Real PCT - Wanted PCT - Time Play
Normal Forward
1 - 34% - 32% - 16:56
2 - 32% - 32% - 16:10
3 - 23% - 24% - 11:33
4 - 11% - 12% - 5:26
Normal Defense
1 - 33% - 33% - 16:44
2 - 35% - 33% - 17:19
3 - 23% - 23% - 11:38
4 - 9% - 11% - 4:24
PP Forward
1 - 59% - 50% - 2:21
2 - 41% - 50% - 1:37
PP Defense
1 - 53% - 55% - 2:06
2 - 47% - 45% - 1:52
PK Forward
1 - 44% - 50% - 2:38
2 - 56% - 50% - 3:19
PK Defense
1 - 49% - 55% - 2:55
2 - 51% - 45% - 3:02
PK3 Forward
1 - 0% - 60%
2 - 0% - 40%
PK3 Defense
1 - 0% - 50%
2 - 0% - 50%
44 Forward
1 - 0% - 50%
2 - 0% - 50%
44 Defense
1 - 0% - 50%
2 - 0% - 50%
Last Minute Offensive  - 0:00
Last Minute Defensive  - 0:00
Total
Forward - 60:00
Defense - 60:00

% Time on Ice - Lightning

Lines # - Real PCT - Wanted PCT - Time Play
Normal Forward
1 - 36% - 40% - 18:10
2 - 31% - 30% - 15:22
3 - 21% - 20% - 10:45
4 - 12% - 10% - 5:48
Normal Defense
1 - 36% - 40% - 17:57
2 - 34% - 30% - 16:47
3 - 29% - 20% - 14:39
4 - 1% - 10% - 0:42
PP Forward
1 - 69% - 60% - 4:06
2 - 31% - 40% - 1:51
PP Defense
1 - 69% - 60% - 4:06
2 - 31% - 40% - 1:51
PK Forward
1 - 65% - 60% - 2:35
2 - 35% - 40% - 1:23
PK Defense
1 - 61% - 60% - 2:25
2 - 39% - 40% - 1:33
PK3 Forward
1 - 0% - 60%
2 - 0% - 40%
PK3 Defense
1 - 0% - 60%
2 - 0% - 40%
44 Forward
1 - 0% - 60%
2 - 0% - 40%
44 Defense
1 - 0% - 60%
2 - 0% - 40%
Last Minute Offensive  - 0:00
Last Minute Defensive  - 0:00
Total
Forward - 60:00
Defense - 60:00

Play by Play

1st period


0:01 of 1st period - Jeff Carter wins face-off versus Jean-Gabriel Pageau in neutral zone.
1:01 of 1st period - Icing by Erik Gudbranson.
1:02 of 1st period - Calle Jarnkrok wins face-off versus Henrik Sedin in Lightning zone.
1:07 of 1st period - Shot by Marcus Johansson.
1:07 of 1st period - Shot Misses the Net.
1:27 of 1st period - Shot by Tomas Fleischmann.
1:27 of 1st period - Shot Blocked by Damon Severson.
1:42 of 1st period - Shot by Calle Jarnkrok.
1:42 of 1st period - Deflect By Joel Ward.
1:42 of 1st period - Shot Misses the Net.
1:44 of 1st period - Shot by Marcus Johansson.
1:44 of 1st period - Stopped by Jaroslav Halak without a rebound.
1:45 of 1st period - Casey Cizikas wins face-off versus Nick Spaling in Lightning zone.
2:03 of 1st period - Casey Cizikas is hit by Christian Ehrhoff and loses puck.
2:11 of 1st period - Minor Penalty to Brad Hunt for Hooking.
2:12 of 1st period - Travis Zajac wins face-off versus Jean-Gabriel Pageau in Lightning zone.
2:23 of 1st period - Shot by Tomas Fleischmann.
2:23 of 1st period - Stopped by Devan Dubnyk without a rebound.
2:24 of 1st period - Travis Zajac wins face-off versus Marcus Johansson in Flyers zone.
2:57 of 1st period - Erik Gudbranson is hit by Shawn Matthias and loses puck.
3:33 of 1st period - Icing by Andre Burakovsky.
3:34 of 1st period - Travis Zajac wins face-off versus Jean-Gabriel Pageau in Flyers zone.
3:44 of 1st period - Ryan Ellis is hit by Christian Ehrhoff and loses puck.
4:17 of 1st period - Shot by Brian Gionta.
4:17 of 1st period - Stopped by Jaroslav Halak with a rebound.
4:42 of 1st period - Icing by Tom Gilbert.
4:43 of 1st period - Casey Cizikas wins face-off versus Eric Fehr in Flyers zone.
4:56 of 1st period - Shot by Shawn Matthias.
4:56 of 1st period - Stopped by Jaroslav Halak without a rebound.
4:57 of 1st period - Henrik Sedin wins face-off versus Calle Jarnkrok in Lightning zone.
5:51 of 1st period - Jeff Carter is hit by Joel Ward and loses puck.
6:56 of 1st period - Chris VandeVelde is hit by Kevin Klein and loses puck.
7:01 of 1st period - Shot by Matt Hendricks.
7:01 of 1st period - Shot Blocked by Andrej Sekera.
7:03 of 1st period - Shot by Chris VandeVelde.
7:03 of 1st period - Shot Misses the Net.
7:05 of 1st period - Shot by Matt Hendricks.
7:05 of 1st period - Deflect By Chris VandeVelde.
7:05 of 1st period - Shot Misses the Net.
7:07 of 1st period - Shot by Matt Hendricks.
7:07 of 1st period - Shot Blocked by Nick Spaling.
7:09 of 1st period - Shot by Matt Hendricks.
7:09 of 1st period - Stopped by Jaroslav Halak without a rebound.
7:10 of 1st period - Henrik Sedin wins face-off versus Casey Cizikas in Lightning zone.
8:02 of 1st period - Off-side.
8:03 of 1st period - Johnny Gaudreau wins face-off versus Jean-Gabriel Pageau in neutral zone.
8:14 of 1st period - Icing by Jonathan Ericsson.
8:15 of 1st period - Jean-Gabriel Pageau wins face-off versus Eric Fehr in Flyers zone.
9:30 of 1st period - Shot by Jeff Carter.
9:30 of 1st period - Shot Misses the Net.
10:14 of 1st period - Shot by Troy Brouwer.
10:14 of 1st period - Stopped by Devan Dubnyk without a rebound.
10:15 of 1st period - Chris VandeVelde wins face-off versus Travis Zajac in Flyers zone.
10:15 of 1st period - Dan Boyle is hit by Nick Spaling and loses puck.
10:26 of 1st period - Shot by Tobias Rieder.
10:26 of 1st period - Shot Misses the Net.
10:40 of 1st period - Brad Hunt is hit by Chris VandeVelde and loses puck.
11:20 of 1st period - Jean-Gabriel Pageau is hit by Troy Brouwer and loses puck.
11:54 of 1st period - Icing by Jean-Gabriel Pageau.
11:55 of 1st period - Jeff Carter wins face-off versus Jean-Gabriel Pageau in Flyers zone.
12:19 of 1st period - Shot by Johnny Gaudreau.
12:19 of 1st period - Stopped by Devan Dubnyk without a rebound.
12:20 of 1st period - Calle Jarnkrok wins face-off versus Tobias Rieder in Flyers zone.
12:20 of 1st period - Calle Jarnkrok is hit by Travis Zajac.
12:25 of 1st period - Icing by Marcus Johansson.
12:26 of 1st period - Calle Jarnkrok wins face-off versus Nick Spaling in Flyers zone.
12:28 of 1st period - Icing by Joel Ward.
12:29 of 1st period - Jeff Carter wins face-off versus Calle Jarnkrok in Flyers zone.
12:35 of 1st period - Icing by Marcus Johansson.
12:36 of 1st period - Jeff Carter wins face-off versus Calle Jarnkrok in Flyers zone.
12:38 of 1st period - Johnny Gaudreau is hit by Ryan Ellis and loses puck.
13:17 of 1st period - Shot by Marcus Johansson.
13:17 of 1st period - Goal by Marcus Johansson - Flyers : 1 - Lightning : 0.
13:18 of 1st period - Casey Cizikas wins face-off versus Travis Zajac in neutral zone.
13:26 of 1st period - Icing by Brad Hunt.
13:27 of 1st period - Travis Zajac wins face-off versus Casey Cizikas in Lightning zone.
13:27 of 1st period - Travis Zajac is hit by Casey Cizikas.
13:39 of 1st period - Shot by Nick Spaling.
13:39 of 1st period - Stopped by Devan Dubnyk without a rebound.
13:40 of 1st period - Henrik Sedin wins face-off versus Jean-Gabriel Pageau in Flyers zone.
14:01 of 1st period - Shot by Henrik Sedin.
14:01 of 1st period - Shot Misses the Net.
14:17 of 1st period - Shot by Alexander Killorn.
14:17 of 1st period - Stopped by Jaroslav Halak without a rebound.
14:18 of 1st period - Casey Cizikas wins face-off versus Jeff Carter in Lightning zone.
14:21 of 1st period - Shot by Casey Cizikas.
14:21 of 1st period - Goal by Casey Cizikas - Flyers : 2 - Lightning : 0.
14:22 of 1st period - Jeff Carter wins face-off versus Casey Cizikas in neutral zone.
14:38 of 1st period - Icing by Dan Boyle.
14:39 of 1st period - Travis Zajac wins face-off versus Casey Cizikas in Flyers zone.
15:15 of 1st period - Shot by Tobias Rieder.
15:15 of 1st period - Stopped by Devan Dubnyk without a rebound.
15:16 of 1st period - Calle Jarnkrok wins face-off versus Jeff Carter in Flyers zone.
15:16 of 1st period - Calle Jarnkrok is hit by Patric Hornqvist.
15:19 of 1st period - Andrew MacDonald is hit by Jeff Carter and loses puck.
16:29 of 1st period - Icing by Christian Ehrhoff.
16:30 of 1st period - Henrik Sedin wins face-off versus Chris VandeVelde in Lightning zone.
16:53 of 1st period - Shot by Tomas Fleischmann.
16:53 of 1st period - Stopped by Devan Dubnyk without a rebound.
16:54 of 1st period - Jean-Gabriel Pageau wins face-off versus Radim Vrbata in Flyers zone.
17:05 of 1st period - Icing by Kevin Klein.
17:06 of 1st period - Casey Cizikas wins face-off versus Eric Fehr in Lightning zone.
17:17 of 1st period - Shot by Eric Fehr.
17:17 of 1st period - Deflect By Radim Vrbata.
17:17 of 1st period - Stopped by Devan Dubnyk without a rebound.
17:18 of 1st period - Andre Burakovsky wins face-off versus Johnny Gaudreau in Flyers zone.
17:32 of 1st period - Shot by Alexander Killorn.
17:32 of 1st period - Shot Blocked by Erik Gudbranson.
17:40 of 1st period - Shot by Andre Burakovsky.
17:40 of 1st period - Deflect By Jean-Gabriel Pageau.
17:40 of 1st period - Shot Misses the Net.
17:44 of 1st period - Shot by Andre Burakovsky.
17:44 of 1st period - Shot Blocked by David Schlemko.
17:46 of 1st period - Shot by Alexander Killorn.
17:46 of 1st period - Shot Misses the Net.
17:48 of 1st period - Shot by Jean-Gabriel Pageau.
17:48 of 1st period - Shot Misses the Net.
17:52 of 1st period - Shot by Andre Burakovsky.
17:52 of 1st period - Stopped by Jaroslav Halak without a rebound.
17:53 of 1st period - Travis Zajac wins face-off versus Calle Jarnkrok in Lightning zone.
18:26 of 1st period - Shot by Travis Zajac.
18:26 of 1st period - Stopped by Devan Dubnyk without a rebound.
18:27 of 1st period - Jeff Carter wins face-off versus Casey Cizikas in Flyers zone.
18:32 of 1st period - Shot by Patric Hornqvist.
18:32 of 1st period - Shot Misses the Net.
18:34 of 1st period - Shot by Jeff Carter.
18:34 of 1st period - Shot Misses the Net.
18:38 of 1st period - Shot by Johnny Gaudreau.
18:38 of 1st period - Shot Blocked by Ryan Ellis.
18:40 of 1st period - Shot by Jeff Carter.
18:40 of 1st period - Stopped by Devan Dubnyk with a rebound.
18:46 of 1st period - Shot by Johnny Gaudreau.
18:46 of 1st period - Shot Misses the Net.
18:59 of 1st period - Off-side.
19:00 of 1st period - Jean-Gabriel Pageau wins face-off versus Tomas Fleischmann in neutral zone.
19:00 of 1st period - Andre Burakovsky is hit by Troy Brouwer and loses puck.
19:09 of 1st period - Shot by Andre Burakovsky.
19:09 of 1st period - Deflect By Alexander Killorn.
19:09 of 1st period - Stopped by Jaroslav Halak without a rebound.
19:10 of 1st period - Eric Fehr wins face-off versus Calle Jarnkrok in Lightning zone.
19:10 of 1st period - Nick Spaling is hit by Joel Ward and loses puck.
19:16 of 1st period - Minor Penalty to Joel Ward for Tripping.
19:17 of 1st period - Calle Jarnkrok wins face-off versus Henrik Sedin in Flyers zone.
19:26 of 1st period - Kevin Klein is hit by Matt Hendricks and loses puck.
Goals for this period are 2 for Flyers vs 0 for Lightning.
Shots for this period are 9 for Flyers vs 9 for Lightning.

2nd period


0:01 of 2nd period - Calle Jarnkrok wins face-off versus Henrik Sedin in neutral zone.
1:25 of 2nd period - Off-side.
1:26 of 2nd period - Jean-Gabriel Pageau wins face-off versus Travis Zajac in neutral zone.
1:37 of 2nd period - Shot by Travis Zajac.
1:37 of 2nd period - Shot Misses the Net.
1:39 of 2nd period - Shot by Travis Zajac.
1:39 of 2nd period - Goal by Travis Zajac - Flyers : 2 - Lightning : 1.
1:40 of 2nd period - Calle Jarnkrok wins face-off versus Eric Fehr in neutral zone.
1:45 of 2nd period - Shot by Marcus Johansson.
1:45 of 2nd period - Stopped by Jaroslav Halak without a rebound.
1:46 of 2nd period - Calle Jarnkrok wins face-off versus Travis Zajac in Lightning zone.
1:46 of 2nd period - Calle Jarnkrok is hit by Erik Gudbranson.
1:59 of 2nd period - Joel Ward is hit by Erik Gudbranson.
2:11 of 2nd period - Shot by Calle Jarnkrok.
2:11 of 2nd period - Shot Blocked by Erik Gudbranson.
2:23 of 2nd period - Calle Jarnkrok is hit by Nick Spaling and loses puck.
2:51 of 2nd period - Minor Penalty to Jonathan Ericsson for Boarding.
2:52 of 2nd period - Casey Cizikas wins face-off versus Henrik Sedin in Flyers zone.
4:44 of 2nd period - Shot by Jeff Carter.
4:44 of 2nd period - Stopped by Devan Dubnyk with a rebound.
4:46 of 2nd period - Shot by Henrik Sedin.
4:46 of 2nd period - Shot Hit the Post.
5:00 of 2nd period - Shot by Andre Burakovsky.
5:00 of 2nd period - Stopped by Jaroslav Halak without a rebound.
5:01 of 2nd period - Jean-Gabriel Pageau wins face-off versus Eric Fehr in Lightning zone.
5:26 of 2nd period - Shot by Eric Fehr.
5:26 of 2nd period - Stopped by Devan Dubnyk without a rebound.
5:27 of 2nd period - Henrik Sedin wins face-off versus Calle Jarnkrok in Flyers zone.
5:32 of 2nd period - Shot by Tomas Fleischmann.
5:32 of 2nd period - Stopped by Devan Dubnyk with a rebound.
5:39 of 2nd period - Shot by Tomas Fleischmann.
5:39 of 2nd period - Stopped by Devan Dubnyk without a rebound.
5:40 of 2nd period - Travis Zajac wins face-off versus Jean-Gabriel Pageau in Flyers zone.
5:55 of 2nd period - Shot by Tobias Rieder.
5:55 of 2nd period - Stopped by Devan Dubnyk with a rebound.
5:57 of 2nd period - Shot by Christian Ehrhoff.
5:57 of 2nd period - Shot Misses the Net.
6:17 of 2nd period - Shot by Travis Zajac.
6:17 of 2nd period - Stopped by Devan Dubnyk with a rebound.
6:57 of 2nd period - Shot by Johnny Gaudreau.
6:57 of 2nd period - Shot Blocked by Ben Hutton.
7:54 of 2nd period - Shot by Casey Cizikas.
7:54 of 2nd period - Shot Misses the Net.
8:10 of 2nd period - Ryan Ellis is hit by Troy Brouwer.
8:39 of 2nd period - Off-side.
8:40 of 2nd period - Jean-Gabriel Pageau wins face-off versus Travis Zajac in neutral zone.
8:45 of 2nd period - Shot by Jean-Gabriel Pageau.
8:45 of 2nd period - Stopped by Jaroslav Halak without a rebound.
8:46 of 2nd period - Jean-Gabriel Pageau wins face-off versus Johnny Gaudreau in Lightning zone.
8:47 of 2nd period - Shot by Alexander Killorn.
8:47 of 2nd period - Shot Misses the Net.
9:23 of 2nd period - Shot by Jeff Carter.
9:23 of 2nd period - Shot Blocked by Jonathan Ericsson.
10:05 of 2nd period - Shot by Chris VandeVelde.
10:05 of 2nd period - Deflect By Matt Hendricks.
10:05 of 2nd period - Stopped by Jaroslav Halak without a rebound.
10:06 of 2nd period - Calle Jarnkrok wins face-off versus Travis Zajac in Lightning zone.
10:27 of 2nd period - Shot by Marcus Johansson.
10:27 of 2nd period - Shot Blocked by Tobias Rieder.
10:29 of 2nd period - Shot by Marcus Johansson.
10:29 of 2nd period - Shot Blocked by Brad Hunt.
10:31 of 2nd period - Shot by Ben Hutton.
10:31 of 2nd period - Stopped by Jaroslav Halak without a rebound.
10:32 of 2nd period - Casey Cizikas wins face-off versus Jeff Carter in Lightning zone.
10:35 of 2nd period - Shot by Ryan Ellis.
10:35 of 2nd period - Shot Misses the Net.
10:38 of 2nd period - Minor Penalty to Erik Gudbranson for Slashing.
10:39 of 2nd period - Travis Zajac wins face-off versus Marcus Johansson in Lightning zone.
11:59 of 2nd period - Icing by Jean-Gabriel Pageau.
12:00 of 2nd period - Travis Zajac wins face-off versus Andre Burakovsky in Flyers zone.
12:06 of 2nd period - Icing by Ben Hutton.
12:07 of 2nd period - Jean-Gabriel Pageau wins face-off versus Travis Zajac in Flyers zone.
12:22 of 2nd period - Shot by Andre Burakovsky.
12:22 of 2nd period - Stopped by Jaroslav Halak with a rebound.
12:24 of 2nd period - Shot by Jean-Gabriel Pageau.
12:24 of 2nd period - Stopped by Jaroslav Halak with a rebound.
13:03 of 2nd period - Shot by Shawn Matthias.
13:03 of 2nd period - Stopped by Jaroslav Halak with a rebound.
13:17 of 2nd period - Shot by Casey Cizikas.
13:17 of 2nd period - Shot Misses the Net.
13:42 of 2nd period - Shot by Marcus Johansson.
13:42 of 2nd period - Shot Misses the Net.
13:44 of 2nd period - Shot by Calle Jarnkrok.
13:44 of 2nd period - Shot Misses the Net.
13:46 of 2nd period - Shot by Joel Ward.
13:46 of 2nd period - Deflect By Calle Jarnkrok.
13:46 of 2nd period - Stopped by Jaroslav Halak with a rebound.
13:48 of 2nd period - Shot by Marcus Johansson.
13:48 of 2nd period - Shot Blocked by Christian Ehrhoff.
13:56 of 2nd period - Shot by Calle Jarnkrok.
13:56 of 2nd period - Shot Blocked by Eric Fehr.
14:00 of 2nd period - Shot by Marcus Johansson.
14:00 of 2nd period - Shot Misses the Net.
14:38 of 2nd period - Shot by Patric Hornqvist.
14:38 of 2nd period - Stopped by Devan Dubnyk with a rebound.
14:40 of 2nd period - Shot by Patric Hornqvist.
14:40 of 2nd period - Shot Misses the Net.
14:44 of 2nd period - Shot by Jeff Carter.
14:44 of 2nd period - Shot Misses the Net.
14:46 of 2nd period - Shot by Jeff Carter.
14:46 of 2nd period - Shot Misses the Net.
14:48 of 2nd period - Shot by Andrej Sekera.
14:48 of 2nd period - Stopped by Devan Dubnyk without a rebound.
14:49 of 2nd period - Henrik Sedin wins face-off versus Chris VandeVelde in Flyers zone.
14:50 of 2nd period - Shot by Troy Brouwer.
14:50 of 2nd period - Stopped by Devan Dubnyk with a rebound.
14:55 of 2nd period - Ryan Ellis is hit by Erik Gudbranson and loses puck.
15:06 of 2nd period - Shot by Chris VandeVelde.
15:06 of 2nd period - Shot Blocked by Troy Brouwer.
15:28 of 2nd period - Shot by Chris VandeVelde.
15:28 of 2nd period - Stopped by Jaroslav Halak with a rebound.
15:30 of 2nd period - Shot by Shawn Matthias.
15:30 of 2nd period - Shot Misses the Net.
15:44 of 2nd period - Shot by Joel Ward.
15:44 of 2nd period - Deflect By Marcus Johansson.
15:44 of 2nd period - Shot Misses the Net.
15:46 of 2nd period - Shot by Calle Jarnkrok.
15:46 of 2nd period - Stopped by Jaroslav Halak without a rebound.
15:47 of 2nd period - Jeff Carter wins face-off versus Jean-Gabriel Pageau in Lightning zone.
15:51 of 2nd period - Patric Hornqvist is hit by Dan Boyle and loses puck.
16:13 of 2nd period - Off-side.
16:14 of 2nd period - Travis Zajac wins face-off versus Calle Jarnkrok in neutral zone.
17:32 of 2nd period - Shot by Patric Hornqvist.
17:32 of 2nd period - Stopped by Devan Dubnyk with a rebound.
17:34 of 2nd period - Shot by Erik Gudbranson.
17:34 of 2nd period - Shot Misses the Net.
17:36 of 2nd period - Shot by David Schlemko.
17:36 of 2nd period - Stopped by Devan Dubnyk without a rebound.
17:37 of 2nd period - Jean-Gabriel Pageau wins face-off versus Henrik Sedin in Flyers zone.
17:39 of 2nd period - Icing by Ryan Ellis.
17:40 of 2nd period - Jean-Gabriel Pageau wins face-off versus Henrik Sedin in Flyers zone.
17:40 of 2nd period - Jean-Gabriel Pageau is hit by Troy Brouwer.
17:55 of 2nd period - Shot by Ryan Ellis.
17:55 of 2nd period - Shot Misses the Net.
17:57 of 2nd period - Shot by Jean-Gabriel Pageau.
17:57 of 2nd period - Shot Misses the Net.
17:59 of 2nd period - Shot by Alexander Killorn.
17:59 of 2nd period - Stopped by Jaroslav Halak without a rebound.
18:00 of 2nd period - Jeff Carter wins face-off versus Casey Cizikas in Lightning zone.
19:30 of 2nd period - Alexander Killorn is hit by Troy Brouwer and loses puck.
Goals for this period are 0 for Flyers vs 1 for Lightning.
Shots for this period are 12 for Flyers vs 12 for Lightning.

3rd period


0:01 of 3rd period - Jeff Carter wins face-off versus Calle Jarnkrok in neutral zone.
0:12 of 3rd period - Shot by Patric Hornqvist.
0:12 of 3rd period - Stopped by Devan Dubnyk without a rebound.
0:13 of 3rd period - Henrik Sedin wins face-off versus Brian Gionta in Flyers zone.
0:16 of 3rd period - Shot by Troy Brouwer.
0:16 of 3rd period - Shot Misses the Net.
0:18 of 3rd period - Shot by Henrik Sedin.
0:18 of 3rd period - Shot Blocked by Ryan Ellis.
0:52 of 3rd period - Shot by Troy Brouwer.
0:52 of 3rd period - Stopped by Devan Dubnyk without a rebound.
0:53 of 3rd period - Jeff Carter wins face-off versus Calle Jarnkrok in Flyers zone.
0:54 of 3rd period - Shot by Johnny Gaudreau.
0:54 of 3rd period - Stopped by Devan Dubnyk without a rebound.
0:55 of 3rd period - Calle Jarnkrok wins face-off versus Jeff Carter in Flyers zone.
1:04 of 3rd period - Shot by Calle Jarnkrok.
1:04 of 3rd period - Shot Misses the Net.
1:07 of 3rd period - Icing by Andrej Sekera.
1:08 of 3rd period - Jeff Carter wins face-off versus Jean-Gabriel Pageau in Lightning zone.
1:39 of 3rd period - Shot by Johnny Gaudreau.
1:39 of 3rd period - Shot Blocked by Alexander Killorn.
2:16 of 3rd period - Shot by Henrik Sedin.
2:16 of 3rd period - Shot Blocked by Ben Hutton.
2:53 of 3rd period - Shot by Joel Ward.
2:53 of 3rd period - Stopped by Jaroslav Halak without a rebound.
2:54 of 3rd period - Chris VandeVelde wins face-off versus Travis Zajac in Lightning zone.
3:02 of 3rd period - Icing by Travis Zajac.
3:03 of 3rd period - Travis Zajac wins face-off versus Casey Cizikas in Lightning zone.
3:03 of 3rd period - Travis Zajac is hit by Casey Cizikas.
3:18 of 3rd period - Shot by Tobias Rieder.
3:18 of 3rd period - Stopped by Devan Dubnyk without a rebound.
3:19 of 3rd period - Jeff Carter wins face-off versus Calle Jarnkrok in Flyers zone.
3:36 of 3rd period - Jonathan Ericsson is hit by Jeff Carter and loses puck.
3:47 of 3rd period - Shot by Patric Hornqvist.
3:47 of 3rd period - Stopped by Devan Dubnyk without a rebound.
3:48 of 3rd period - Henrik Sedin wins face-off versus Chris VandeVelde in Flyers zone.
5:59 of 3rd period - Shot by Nick Spaling.
5:59 of 3rd period - Stopped by Devan Dubnyk without a rebound.
6:00 of 3rd period - Casey Cizikas wins face-off versus Eric Fehr in Flyers zone.
6:11 of 3rd period - Shot by Brian Gionta.
6:11 of 3rd period - Stopped by Jaroslav Halak without a rebound.
6:12 of 3rd period - Travis Zajac wins face-off versus Jean-Gabriel Pageau in Lightning zone.
6:28 of 3rd period - Shot by Alexander Killorn.
6:28 of 3rd period - Shot Misses the Net.
6:36 of 3rd period - Shot by Jean-Gabriel Pageau.
6:36 of 3rd period - Shot Blocked by Erik Gudbranson.
6:38 of 3rd period - Shot by Jean-Gabriel Pageau.
6:38 of 3rd period - Stopped by Jaroslav Halak without a rebound.
6:39 of 3rd period - Johnny Gaudreau wins face-off versus Casey Cizikas in Lightning zone.
7:00 of 3rd period - Shot by Johnny Gaudreau.
7:00 of 3rd period - Deflect By Patric Hornqvist.
7:00 of 3rd period - Stopped by Devan Dubnyk without a rebound.
7:01 of 3rd period - Troy Brouwer wins face-off versus Calle Jarnkrok in Flyers zone.
7:16 of 3rd period - Shot by Tomas Fleischmann.
7:16 of 3rd period - Stopped by Devan Dubnyk with a rebound.
7:18 of 3rd period - Shot by Henrik Sedin.
7:18 of 3rd period - Deflect By Tomas Fleischmann.
7:18 of 3rd period - Shot Misses the Net.
7:20 of 3rd period - Shot by Tomas Fleischmann.
7:20 of 3rd period - Shot Misses the Net.
7:22 of 3rd period - Shot by Christian Ehrhoff.
7:22 of 3rd period - Stopped by Devan Dubnyk without a rebound.
7:23 of 3rd period - Jeff Carter wins face-off versus Casey Cizikas in Flyers zone.
7:29 of 3rd period - Minor Penalty to Dan Boyle for Holding.
7:30 of 3rd period - Calle Jarnkrok wins face-off versus Henrik Sedin in Flyers zone.
8:00 of 3rd period - Shot by Jeff Carter.
8:00 of 3rd period - Stopped by Devan Dubnyk without a rebound.
8:01 of 3rd period - Troy Brouwer wins face-off versus Casey Cizikas in Flyers zone.
8:35 of 3rd period - Shot by Troy Brouwer.
8:35 of 3rd period - Shot Blocked by Jonathan Ericsson.
8:39 of 3rd period - Shot by David Schlemko.
8:39 of 3rd period - Shot Misses the Net.
9:07 of 3rd period - Icing by Andrej Sekera.
9:08 of 3rd period - Casey Cizikas wins face-off versus Henrik Sedin in Lightning zone.
9:43 of 3rd period - Icing by Brad Hunt.
9:44 of 3rd period - Eric Fehr wins face-off versus Chris VandeVelde in Lightning zone.
9:44 of 3rd period - Eric Fehr is hit by Matt Hendricks.
9:50 of 3rd period - Shot by Nick Spaling.
9:50 of 3rd period - Shot Blocked by Damon Severson.
10:07 of 3rd period - Radim Vrbata is hit by Jonathan Ericsson.
10:31 of 3rd period - Patric Hornqvist is hit by Chris VandeVelde and loses puck.
10:58 of 3rd period - Calle Jarnkrok is hit by Kevin Klein and loses puck.
11:07 of 3rd period - Shot by Calle Jarnkrok.
11:07 of 3rd period - Stopped by Jaroslav Halak without a rebound.
11:08 of 3rd period - Henrik Sedin wins face-off versus Jean-Gabriel Pageau in Lightning zone.
11:12 of 3rd period - Icing by Troy Brouwer.
11:13 of 3rd period - Henrik Sedin wins face-off versus Jean-Gabriel Pageau in Lightning zone.
11:53 of 3rd period - Shot by Troy Brouwer.
11:53 of 3rd period - Stopped by Devan Dubnyk without a rebound.
11:54 of 3rd period - Jeff Carter wins face-off versus Casey Cizikas in Flyers zone.
12:07 of 3rd period - Johnny Gaudreau is hit by Casey Cizikas and loses puck.
13:08 of 3rd period - Shot by Marcus Johansson.
13:08 of 3rd period - Stopped by Jaroslav Halak without a rebound.
13:09 of 3rd period - Henrik Sedin wins face-off versus Jean-Gabriel Pageau in Lightning zone.
13:20 of 3rd period - Shot by Henrik Sedin.
13:20 of 3rd period - Goal by Henrik Sedin - Flyers : 2 - Lightning : 2.
13:21 of 3rd period - Travis Zajac wins face-off versus Jean-Gabriel Pageau in neutral zone.
13:56 of 3rd period - Shot by Jean-Gabriel Pageau.
13:56 of 3rd period - Stopped by Jaroslav Halak without a rebound.
13:57 of 3rd period - Calle Jarnkrok wins face-off versus Jeff Carter in Lightning zone.
14:12 of 3rd period - Shot by Patric Hornqvist.
14:12 of 3rd period - Shot Misses the Net.
14:14 of 3rd period - Shot by Patric Hornqvist.
14:14 of 3rd period - Deflect By Jeff Carter.
14:14 of 3rd period - Shot Blocked by Jonathan Ericsson.
14:16 of 3rd period - Shot by Jeff Carter.
14:16 of 3rd period - Shot Misses the Net.
15:59 of 3rd period - Jean-Gabriel Pageau is hit by Christian Ehrhoff and loses puck.
17:21 of 3rd period - Off-side.
17:22 of 3rd period - Johnny Gaudreau wins face-off versus Calle Jarnkrok in neutral zone.
17:43 of 3rd period - Johnny Gaudreau is hit by Joel Ward and loses puck.
17:57 of 3rd period - Icing by Ryan Ellis.
17:58 of 3rd period - Henrik Sedin wins face-off versus Calle Jarnkrok in Flyers zone.
17:59 of 3rd period - Shot by Tomas Fleischmann.
17:59 of 3rd period - Stopped by Devan Dubnyk without a rebound.
18:00 of 3rd period - Henrik Sedin wins face-off versus Jean-Gabriel Pageau in Flyers zone.
18:01 of 3rd period - Shot by Troy Brouwer.
18:01 of 3rd period - Stopped by Devan Dubnyk with a rebound.
18:27 of 3rd period - Erik Gudbranson is hit by Alexander Killorn and loses puck.
18:44 of 3rd period - Icing by Jean-Gabriel Pageau.
18:45 of 3rd period - Jeff Carter wins face-off versus Jean-Gabriel Pageau in Flyers zone.
19:05 of 3rd period - Shot by Johnny Gaudreau.
19:05 of 3rd period - Stopped by Devan Dubnyk without a rebound.
19:06 of 3rd period - Casey Cizikas wins face-off versus Travis Zajac in Flyers zone.
19:06 of 3rd period - Casey Cizikas is hit by Travis Zajac.
19:26 of 3rd period - Shot by Casey Cizikas.
19:26 of 3rd period - Shot Misses the Net.
19:42 of 3rd period - Shot by Shawn Matthias.
19:42 of 3rd period - Shot Misses the Net.
19:44 of 3rd period - Shot by Shawn Matthias.
19:44 of 3rd period - Shot Misses the Net.
19:46 of 3rd period - Shot by Damon Severson.
19:46 of 3rd period - Shot Blocked by Nick Spaling.
Goals for this period are 0 for Flyers vs 1 for Lightning.
Shots for this period are 6 for Flyers vs 15 for Lightning.

Overtime #1


0:01 of 1st overtime period - Jean-Gabriel Pageau wins face-off versus Henrik Sedin in neutral zone.
0:03 of 1st overtime period - Off-side.
0:04 of 1st overtime period - Jeff Carter wins face-off versus Jean-Gabriel Pageau in neutral zone.
0:22 of 1st overtime period - Off-side.
0:23 of 1st overtime period - Jeff Carter wins face-off versus Marcus Johansson in neutral zone.
0:54 of 1st overtime period - Shot by Jeff Carter.
0:54 of 1st overtime period - Shot Misses the Net.
0:56 of 1st overtime period - Shot by Kevin Klein.
0:56 of 1st overtime period - Shot Blocked by Andrew MacDonald.
0:58 of 1st overtime period - Shot by Patric Hornqvist.
0:58 of 1st overtime period - Deflect By Jeff Carter.
0:58 of 1st overtime period - Goal by Jeff Carter - Flyers : 2 - Lightning : 3.
Goals for this period are 0 for Flyers vs 1 for Lightning.
Shots for this period are 0 for Flyers vs 1 for Lightning.